 Dungeon Crawl Stone Soup version 0.32-a0-485-g70f7560b1c (webtiles) character file.

Game seed: 16145742094884206986

507 Malificent the Trooper (level 7, -2/71 HPs)
             Began as an Oni Reaver on Feb 26, 2024.
             Was an Initiate of Beogh.
             Slain by Blork the orc
             ... wielding a +3 dire flail of holy wrath
              (11 damage)
             ... on level 4 of the Dungeon.
             The game lasted 00:11:56 (4449 turns).

Malificent the Trooper (Oni Reaver)                 Turns: 4449, Time: 00:11:57

Health: -2/71      AC:  3    Str: 19    XL:     7   Next: 18%
Magic:  12/12      EV: 10    Int: 16    God:    Beogh [......]
Gold:   198        SH:  0    Dex:  7    Spells: 11/12 levels left

rFire   + . .        o - +1 spear "Oripsuq" {venom, Int+2}
rCold   + . .        (no shield)
rNeg    . . .        b - +0 robe
rPois   .            (helmet restricted)
rElec   .            (no cloak)
rCorr   .            (gloves unavailable)
SInv    +            (boots unavailable)
Will    +....        (no amulet)
Stlth   +            d - ring of see invisible
HPRegen 0.31/turn    q - ring of wizardry
MPRegen 0.13/turn

%: wizardry (x1)
@: enlightened, flying, hasted, very quick
A: large, unfitting armour, horns 2, tough skin 1, double potion healing,
drunken brawling, cold resistance 1, fire resistance 1
a: Renounce Religion


You were on level 4 of the Dungeon.
You worshipped Beogh.
Beogh was noncommittal.
You visited 1 branch of the dungeon, and saw 4 of its levels.

You collected 198 gold pieces.

Inventory:

Hand Weapons
 a - a +0 mace
 f - a +1 great mace of protection
 o - the +1 spear "Oripsuq" (weapon) {venom, Int+2}
   (You found it on level 3 of the Dungeon)

   Int+2:     It affects your intelligence (+2).
Armour
 b - a +0 robe (worn)
 k - a +0 kite shield
Magical Staves
 r - a staff of air
Jewellery
 d - a ring of see invisible (left hand)
 q - a ring of wizardry (right hand)
Scrolls
 c - a scroll of fear {unknown}
 g - a scroll of blinking {unknown}
 h - a scroll of teleportation {unknown}
 n - a scroll of enchant armour {unknown}
 p - a scroll of brand weapon {unknown}
Potions
 e - a potion of enlightenment


   Skills:
 + Level 4.7 Fighting
 + Level 4.3 Maces & Flails
 + Level 2.6 Polearms
 + Level 2.9 Dodging
 + Level 0.9 Stealth
 * Level 3.4 Spellcasting
 * Level 4.1 Conjurations


You had 11 spell levels left.
You knew the following spells:

 Your Spells              Type           Power      Damage    Failure   Level
a - Kiss of Death         Conj/Necr      36%        2d8       3%          1

Your spell library contained the following spells:

 Spells                   Type           Power      Damage    Failure   Level
 Momentum Strike          Conj/Tloc      18%        3d8       4%          2
 Hailstorm                Conj/Ice       9%         3d6       10%         3
 Fugue of the Fallen      Necr           2%         N/A       21%         3
 Ozocubu's Armour         Ice            2%         N/A       21%         3
 Manifold Assault         Tloc           2%         N/A       54%         4


Dungeon Overview and Level Annotations

Branches:
Dungeon (4/15)
 Temple: D:4-7

Altars:
Okawaru

Shops:
D:2 (   D:3 =

Annotations:
D:3 1 runed translucent door, CougarLife's ghost, amateur GrEE
D:4 2 transporters, Blork the orc


Innate Abilities, Weirdness & Mutations

You are too large for most types of armour.
You have a pair of horns on your head.
You have tough skin. (AC +1)
You gain doubled healing and magic from potions.
Whenever you drink a healing potion, you attack all around you.
Your flesh is cold resistant. (rC+)
Your flesh is heat resistant. (rF+)


Message History

You hit the ogre.
The ogre is moderately wounded.
The ogre hits you with a +0 giant club!
You hit the ogre.
The ogre looks as sick as possible!
The ogre is heavily wounded.
The ogre hits you with a +0 giant club!
You catch the helpless ogre completely off-guard!
You hit the ogre.
The ogre looks as sick as possible!
Your headbutt misses the ogre.
The ogre is severely wounded.
You barely miss the ogre. You headbutt the ogre.
The ogre is almost dead.
The ogre hits you with a +0 giant club!!
* * * LOW HITPOINT WARNING * * *
You catch the helpless ogre completely off-guard!
You hit the ogre.
You kill the ogre!
Beogh accepts your kill.
Your Conjurations skill increases to level 4!
You have reached level 7!
You close the door, pushing everything out of the way.
You start resting.
You flicker for a moment.
You start resting.
You flicker back into view.
You start resting.
Blork the orc opens the door.
He is wielding a +3 dire flail of holy wrath.
Blork the orc is nearby!
You feel yourself speed up.
This is a scroll of acquirement!
Something appears at your feet!
Blork the orc shouts!
f - a +1 great mace of protection Blork the orc hits you with a +3 dire flail of holy wrath!
* * * LOW HITPOINT WARNING * * *
It was a potion of enlightenment.
You feel very buoyant.
You fly up into the air.
Blork the orc hits you with a +3 dire flail of holy wrath!
You die...

....#..###........#
......#####.#######
..........#.#
.<........#.######
.)...............##
...............#..##
...............SO..#
..............g###.####
............[.w#@#....#
....รท.....#.####o####.#
..........#.#.^#)#^.#
.......>..#.##^#.#^##
.........##.#.^#.#^.#
.........##.##^#.#^##
............#.^#)#^.#
............####'####..#
.........##............#


You could see Blork the orc, an ogre, a gnoll, a dart slug and a ball python.

Vanquished Creatures
  Eustachio (D:4)
  An ogre (D:4)
  A bombardier beetle (D:3)
  A jelly (D:3)
  A hound (D:4)
  An orc priest (D:4)
  Jessica (D:2)
  5 adders
  A dart slug (D:2)
  6 orcs (D:4)
  8 endoplasms
  5 giant cockroaches
  4 goblins
  A hobgoblin (D:4)
  2 jackals (D:3)
  2 quokkas
  9 ball pythons
  2 bats
  2 frilled lizards
  6 kobolds
  3 rats
63 creatures vanquished.

Vanquished Creatures (others)
  A phantom (D:4)
  An orc priest (D:4)
  An orc (D:4)
3 creatures vanquished.

Grand Total: 66 creatures vanquished

Notes
Turn   | Place    | Note
-------+----------+-------------------------------------------
     0 | D:1      | Malificent the Oni Reaver began the quest for the Orb.
     0 | D:1      | Reached XP level 1. HP: 22/22 MP: 3/3
   197 | D:1      | Reached XP level 2. HP: 29/29 MP: 5/5
  1267 | D:2      | Found Aniyzaom's Antique Weapon Shoppe.
  1328 | D:2      | Reached XP level 3. HP: 28/36 MP: 6/6
  1479 | D:2      | Noticed Jessica
  1496 | D:2      | Killed Jessica
  1565 | D:2      | Reached XP level 4. HP: 42/45 MP: 7/7
  2315 | D:3      | Found a runed translucent door.
  2316 | D:3      | Noticed CougarLife's ghost (amateur GrEE)
  2361 | D:3      | Found Baudurgh's Jewellery Shop.
  2528 | D:3      | Identified the +1 spear "Oripsuq" {venom, Int+2}
  2755 | D:3      | Reached XP level 5. HP: 53/53 MP: 7/9
  3192 | D:3      | Gained mutation: Your flesh is cold resistant. (rC+)
                  | [potion of mutation]
  3192 | D:3      | Gained mutation: You have a pair of horns on your head.
                  | [potion of mutation]
  3192 | D:3      | Gained mutation: Your flesh is heat resistant. (rF+)
                  | [potion of mutation]
  3625 | D:4      | Noticed a phantom
  3627 | D:4      | Became a worshipper of Beogh the Shepherd
  3629 | D:4      | Noticed an ogre
  3650 | D:4      | Killed a phantom
  3945 | D:4      | Found a transporter.
  3945 | D:4      | Found an iron altar of Okawaru.
  3992 | D:4      | Found a transporter.
  3999 | D:4      | Noticed a yak
  4003 | D:4      | Reached XP level 6. HP: 51/61 MP: 10/10
  4004 | D:4      | Noticed Eustachio
  4009 | D:4      | Reached skill level 1 in Polearms
  4269 | D:4      | Killed Eustachio
  4406 | D:4      | Reached XP level 7. HP: 9/71 MP: 12/12
  4446 | D:4      | Noticed Blork the orc
  4447 | D:4      | Identified a scroll of acquirement
  4447 | D:4      | Acquired a +1 great mace of protection
  4449 | D:4      | Slain by Blork the orc

Illustrated notes

Levels and vault maps discovered:
D:1:      lemuel_arrival_river_ford, layout_basic
D:2:      layout_loops_ring, serial_shops, shop, uniq_jessica
D:3:      layout_loops_ring, serial_rivers, chequers_serial_rivers_small_a,
          chequers_serial_rivers_small_3, chequers_serial_rivers_large_b,
          chequers_serial_rivers_micro_b, ebering_ghost_inner_flame,
          serial_shops, nicolae_shop_trees
D:4:      layout_rooms, gammafunk_temple_overflow_arena, grunt_tough_drop,
          uniq_blork_the_orc, uniq_eustachio

Skill      XL: |  1  2  3  4  5  6 |
---------------+-------------------+-----
Conjurations   | 3 4 |  4.1
Fighting       | 3 4 |  4.7
Dodging        | 2 |  2.9
Maces & Flails | 4 |  4.3
Polearms       | 2 |  2.6
Spellcasting   | 3 |  3.4
Stealth        | |  0.9

Action                     |  1- 3 |  4- 6 |  7- 9 || total
---------------------------+-------+-------+-------++-------
  Melee: Mace              |    68 |    52 |       ||   120
         Headbutt          |    12 |    23 |       ||    35
         Spear             |       |    85 |       ||    85
   Cast: Kiss of Death     |       |     1 |       ||     1
 Invoke: Convert to Beogh  |       |     1 |       ||     1
    Use: Potion            |       |     5 |     2 ||     7
         Scroll            |       |     4 |     1 ||     5
   Stab: Invisible         |       |     3 |       ||     3
 Armour: Robe              |    58 |   116 |     2 ||   176
  Dodge: Dodged            |    32 |    69 |       ||   101

Table legend: (Time is in decaauts)
 A = Elapsed time spent in this place.
 B = Non-inter-level travel time spent in this place.
 C = Inter-level travel time spent in this place.
 D = Time resting spent in this place.
 E = Time spent auto-exploring this place.
 F = Levels seen in this place.
 G = Mean time per level.
                   A        B        C        D        E       F      G
               +--------+--------+--------+--------+--------+-----+--------+
         Total |   4477 |   4394 |     83 |   1107 |   2472 |   4 | 1119.2 |
       Dungeon |   4477 |   4394 |     83 |   1107 |   2472 |   4 | 1119.2 |
               +--------+--------+--------+--------+--------+-----+--------+

Top non-repeatable levels by time:
     D:3: 1492 daAuts
     D:1: 1275 daAuts
     D:2: 1136 daAuts
     D:4: 573 daAuts
